 Dungeon Crawl Stone Soup version 0.28.0-47-ge53b351184 (webtiles) character file.

Game seed: 18044155380372016621

823 101zpm the Magician (level 8, -1/52 HPs)
             Began as a Djinni Ice Elementalist on Apr 26, 2022.
             Slain by Pikel
             ... wielding a +2 whip of electrocution
              (15 damage)
             ... on level 6 of the Dungeon.
             The game lasted 00:16:19 (7596 turns).

101zpm the Magician (Djinni Ice Elementalist)       Turns: 7596, Time: 00:16:20

Health: -1/52      AC:  9    Str:  7    XL:     8   Next: 17%
Gold:   178        EV: 13    Int: 20    God:
                   SH:  0    Dex: 13

rFire   + + .      SeeInvis .     - Unarmed
rCold   x . .      Faith    .   (no shield)
rNeg    . . .      Spirit   .   a - +0 robe
rPois   ∞          Reflect  .   (no helmet)
rElec   .          Harm     .   (no cloak)
rCorr   .          Rampage  .   (no gloves)
Will    .....                   (boots unavailable)
Stlth   ++........              (no amulet)
HPRegen 0.17/turn               (no ring)
MPRegen 0.00/turn               (no ring)

@: ice-armoured, freezing walls, flying
A: sickness immunity, fire resistance 2, cold vulnerability 1, float, innate
caster, HP casting, extra vitality 1
a: no special abilities


You were on level 6 of the Dungeon.
You visited 1 branch of the dungeon, and saw 6 of its levels.

You collected 178 gold pieces.

Inventory:

Armour
 a - a +0 robe (worn)
Jewellery
 l - a +4 ring of slaying
Wands
 i - a wand of polymorph (14)
 k - a wand of flame (10)
Scrolls
 c - 5 scrolls of identify {unknown}
 d - a scroll of holy word {unknown}
 f - a scroll of fear {unknown}
 g - a scroll of teleportation {unknown}
 h - a scroll of summoning {unknown}
 j - 2 scrolls of noise {unknown}
 m - a scroll of amnesia {unknown}
 n - a scroll of immolation {unknown}
 o - a scroll of magic mapping {unknown}
 p - a scroll of enchant armour {unknown}
 r - a scroll of acquirement {unknown}
Potions
 b - 4 potions of curing {unknown}
 e - a potion of flight {unknown}
 q - a potion of heal wounds {unknown}


   Skills:
 + Level 1.0 Fighting
 + Level 3.6 Dodging
 + Level 2.8 Stealth
 + Level 1.0 Unarmed Combat
 + Level 6.6 Spellcasting


You had 3 spell levels left.
You knew the following spells:

 Your Spells              Type           Power      Damage    Failure   Level
a - Freeze                Ice            100%       1d11      1%          1
b - Frozen Ramparts       Ice            66%        1d8       1%          3
c - Ozocubu's Armour      Ice            33%        N/A       1%          3
d - Hailstorm             Conj/Ice       33%        3d8       6%          4
e - Sting                 Tmut/Pois      100%       1d8       1%          1
f - Corpse Rot            Necr/Air       66%        N/A       1%          2
g - Mephitic Cloud        Conj/Pois/Air  33%        N/A       1%          3
Your spell library was empty.

Dungeon Overview and Level Annotations

Branches:
Dungeon (6/15)             Temple (0/1) D:4

Altars:

Annotations:
D:4 Menkaure
D:6 Pikel


Innate Abilities, Weirdness & Mutations

You are immune to sickness and miasma.
You are immune to poison.
Your flesh is very heat resistant. (rF++)
You are vulnerable to cold. (rC-)
You float through the air rather than walking.
You learn spells naturally, not from books.
Your magical power is your life essence.
You have superior vitality. (+4 MHP)


Message History

Aiming: Sting (safe; 1% risk of failure)
Press: ? - help, Shift-Dir - straight line, f - orc, p - Pikel
Aim: an orc, wielding a +4 whip (78% to hit)
The sting hits the orc warrior but does no damage.
The orc warrior is poisoned.
The orc warrior is almost dead.
The wall freezes Pikel.
Pikel closely misses you.
The wall freezes the orc.
The wall freezes the lemure.
The lemure misses you.
The wall freezes the orc warrior.
You kill the orc warrior!
Your Unarmed Combat skill increases to level 1!
Casting: Sting (safe; 1% risk of failure)
Confirm with . or Enter, or press ? or * to list all spells.
Aiming: Sting (safe; 1% risk of failure)
Press: ? - help, Shift-Dir - straight line, f - Pikel, p - orc
Aim: Pikel, wielding a +2 whip of electrocution and wearing a +2 robe of fire resistance (lightly wounded, poisoned, 72% to hit)
The sting hits Pikel.
Pikel looks even sicker.
Pikel is lightly wounded.
The wall freezes Pikel.
Pikel drinks a potion.
Pikel seems to grow stronger.
The wall freezes the lemure.
The lemure hits you but does no damage.
The wall freezes the orc.
You kill the orc!
Casting: Sting (safe; 1% risk of failure)
Confirm with . or Enter, or press ? or * to list all spells.
Aiming: Sting (safe; 1% risk of failure)
Press: ? - help, Shift-Dir - straight line, f/p - Pikel
Aim: Pikel, wielding a +2 whip of electrocution and wearing a +2 robe of fire resistance (moderately wounded, strong, very poisoned, 72% to hit)
The sting misses Pikel.
The frozen ramparts melt away.
Pikel barely misses you. The lemure hits you but does no damage.
Casting: Sting (safe; 1% risk of failure)
Confirm with . or Enter, or press ? or * to list all spells.
Casting: Frozen Ramparts (safe; 1% risk of failure)
Press: ? - help, Dir - look around, f - activate The walls around you are covered in ice.
* * * LOW HITPOINT WARNING * * *
You kill the lemure!
That felt strangely unrewarding.
The lemure looks more healthy.
The wall freezes Pikel.
Pikel hits you with a +2 whip of electrocution!
You die...

.###.......##
............###
..............##
...............##
................#
................##
...##.....###....##
:.####...## ###...#
..# ##..# #.@.## .##
#..# ##5K.##### .# #K#
######)......## .#
#.###....)).......# .#
##.#..........#...##
.# #.............#####
.# #.....K........#
.## #.....<........#
..####...............#


You could see Pikel (strong, very poisoned) and a lemure.

Vanquished Creatures
  A sky beast (D:5)
  An orc warrior (D:6)
  An ice beast (D:5)
  An ogre (D:5)
  3 lemures (D:6)
  A scorpion (D:4)
  A hound (D:5)
  2 jellies (D:6)
  An orc priest (D:6)
  Jessica (D:2)
  An iguana (D:5)
  An orc wizard (D:5)
  A hound skeleton (D:5)
  4 gnolls (D:3)
  4 adders
  An adder skeleton (D:5)
  A worm (D:3)
  4 dart slugs
  18 orcs
  5 endoplasms
  4 giant cockroaches
  5 hobgoblins
  7 jackals
  2 quokkas
  5 ball pythons
  6 bats
  2 frilled lizards
  7 goblins
  7 kobolds
  3 rats
101 creatures vanquished.

Vanquished Creatures (others)
  A plant (D:1)
1 creature vanquished.

Grand Total: 102 creatures vanquished

Notes
Turn   | Place    | Note
-------+----------+-------------------------------------------
     0 | D:1      | 101zpm the Djinni Ice Elementalist began the quest for the
                  | Orb.
     0 | D:1      | Reached XP level 1. HP: 15/15 MP: 0/0
   114 | D:1      | Found a faded altar of an unknown god.
   334 | D:1      | Reached XP level 2. HP: 20/21 MP: 0/0
  1073 | D:1      | Reached XP level 3. HP: 19/25 MP: 0/0
  1073 | D:1      | Learned a level 1 spell: Sting
  1578 | D:3      | Reached skill level 4 in Spellcasting
  2459 | D:2      | Reached XP level 4. HP: 26/31 MP: 0/0
  2512 | D:2      | Noticed Jessica
  2517 | D:2      | Killed Jessica
  3239 | D:4      | Reached XP level 5. HP: 20/36 MP: 0/0
  3239 | D:4      | Learned a level 2 spell: Corpse Rot
  4693 | D:4      | Found a staircase to the Ecumenical Temple.
  4721 | D:4      | Reached skill level 5 in Spellcasting
  4721 | D:4      | Reached XP level 6. HP: 16/41 MP: 0/0
  5082 | D:4      | Noticed Menkaure
  5086 | D:5      | Entered Level 5 of the Dungeon
  5355 | D:5      | Noticed an ogre
  5712 | D:5      | Killed an ogre
  5713 | D:5      | Reached XP level 7. HP: 38/46 MP: 0/0
  5713 | D:5      | Learned a level 3 spell: Mephitic Cloud
  5915 | D:5      | Reached skill level 1 in Fighting
  6217 | D:5      | Reached skill level 6 in Spellcasting
  7208 | D:6      | Noticed Pikel
  7593 | D:6      | Reached XP level 8. HP: 19/52 MP: 0/0
  7594 | D:6      | Reached skill level 1 in Unarmed Combat
  7596 | D:6      | Slain by Pikel

Illustrated notes

Levels and vault maps discovered:
D:1:      wander_arrival_fairy_ring, layout_rooms,
          ebering_ecumenical_altar_ruins, minmay_tromino_mix6
D:2:      layout_loops_ring, uniq_jessica
D:3:      layout_basic, minmay_tree_intersection, st_stairs_7,
          hangedman_decor_points
D:4:      layout_basic, mainiacjoe_overflow_small_starburst,
          minmay_temple_entry_slanted, serial_curves, eino_curves_01,
          eino_curves_02, minivault_23, amcnicky_mini_corridor_feature,
          minmay_mini_ossuary, uniq_menkaure
D:5:      layout_loops_cross, minmay_misc_feat_hallway
D:6:      layout_layer_cave, nicolae_ossuary_entry_giza, uniq_pikel,
          uniq_crazy_yiuf_cottage

Skill      XL: |  1  2  3  4  5  6  7  8 |
---------------+-------------------------+-----
Spellcasting   | 4 5 6 |  6.6
Stealth        | 2 |  2.8
Fighting       | 1 |  1.0
Dodging        | 3 |  3.6
Unarmed Combat | 1 |  1.0

Action                   |  1- 3 |  4- 6 |  7- 9 || total
-------------------------+-------+-------+-------++-------
Melee: Unarmed           |     1 |    15 |    21 ||    37
       Punch             |       |       |     1 ||     1
 Cast: Freeze            |    65 |    96 |     8 ||   169
       Frozen Ramparts   |       |     5 |    13 ||    18
       Sting             |       |     2 |    15 ||    17
       Ozocubu's Armour  |       |     1 |     5 ||     6
       Hailstorm         |       |     1 |       ||     1
       Mephitic Cloud    |       |       |     2 ||     2
Armor: Robe              |    10 |    13 |    16 ||    39
Dodge: Dodged            |    39 |    58 |    45 ||   142
